Map: 16-Bit LE

Players

A.I. 1 (Very Easy)

  • Race: Protoss Protoss
  • Spawn Location: 7:00

MattBarry - Winner!

  • Race: Zerg Zerg
  • Spawn Location: 1:00

VOD

Have the link to the VOD?

Description

Time

  • Played on: Dec. 26, 2022, 3:44 a.m.
  • Length: 35:45
Show
View Real Time Build Order
Export as new Build Order

A.I. 1 (Very Easy) Protoss 

Build Orders:  

Get SALT Encoding   

  12  0:00  Probe  
  13  0:13  Probe  
  14  0:20  Pylon  
  14  0:36  Assimilator  
  14  0:42  Gateway  
  14  0:46  Pylon  
  14  1:17  Probe  
  14  1:25  Probe  
  15  1:30  Cybernetics Core  
  16  1:33  Probe  
  17  1:43  Probe  
  18  1:55  Probe  
  18  1:56  Warp Gate  
  19  2:03  Probe  
  19  2:07  Stalker  
  22  4:48  Probe  
  22  4:52  Zealot  
  25  4:53  Assimilator  
  25  4:55  Robotics Facility  
  25  4:56  Probe  
  25  4:58  Pylon  
  25  5:06  Probe  
  27  5:14  Probe  
  28  5:22  Probe  
  30  5:42  Observer  
  30  5:57  Stalker  
  30  6:02  Observer  
  31  6:36  Nexus  
  31  7:14  Stalker  
  33  7:17  Pylon  
  27  7:30  Probe  
  14  7:42  Probe  
  14  7:43  Zealot  
  15  7:54  Probe  
  16  8:02  Nexus  
  16  8:06  Probe  
  16  8:11  Immortal  
  21  8:17  Probe  
  22  8:25  Probe  
  22  8:33  Probe  
  23  8:40  Stalker  
  26  8:44  Probe  
  18  8:52  Pylon  
  8  8:57  Probe  
  9  9:04  Pylon  
  9  9:06  Pylon  
  9  9:09  Probe  
  10  9:13  Zealot  
  10  9:15  Probe  
  13  9:23  Probe  
  16  9:27  Assimilator  
  16  9:30  Probe  
  16  9:31  Pylon  
  15  9:35  Pylon  
  15  9:37  Probe  
  14  9:49  Probe  
  14  10:03  Pylon  
  14  10:04  Stalker  
  11  10:09  Robotics Bay, Probe  
  12  10:20  Probe  
  12  10:21  Probe  
  12  10:28  Pylon  
  13  10:30  Assimilator  
  11  10:36  Probe  
  11  10:39  Probe  
  8  10:44  Probe  
  9  10:51  Probe  
  9  10:52  Pylon, Probe  
  8  10:59  Pylon  
  8  11:04  Probe  
  8  11:22  Probe  
  8  11:30  Probe  
  3  11:40  Probe  
  4  11:52  Probe  
  4  12:04  Probe  
  5  12:15  Probe  
  6  12:23  Probe  
  6  12:31  Probe  
  7  12:43  Probe  
  8  13:23  Probe  
  9  13:31  Probe  
  8  13:40  Probe  
  10  13:52  Probe  
  9  14:04  Probe  
  10  14:16  Probe  
  10  14:25  Probe  
  10  14:34  Probe  
  7  15:06  Probe  
  4  15:18  Probe  
  4  15:28  Probe  
  4  15:36  Probe  
  5  15:45  Probe  
  5  15:57  Probe  
  6  16:09  Probe  
  7  16:21  Probe  
  8  16:31  Probe  
  8  16:39  Probe  
  10  16:47  Probe  
  11  16:59  Probe  
  12  17:12  Probe  
  13  17:24  Probe  
  14  17:34  Probe  
  15  17:42  Probe  
  15  17:50  Probe  
  17  18:02  Probe  
  18  19:15  Probe  
  19  20:14  Probe  
  19  20:22  Probe  
  18  20:38  Probe  
  18  20:47  Probe  
  17  20:55  Probe  
  17  21:04  Probe  
  18  21:16  Probe  
  17  21:28  Probe  
  17  21:41  Probe  
  17  21:50  Probe  
  17  22:09  Probe  
  16  22:21  Probe  
  16  22:33  Probe  
  16  22:45  Probe  
  16  22:54  Probe  
  16  23:02  Probe  
  15  23:11  Probe  
  15  23:23  Probe  
  16  23:30  Assimilator  
  16  23:35  Probe  
  16  23:48  Probe  
  16  23:57  Probe  
  17  24:11  Probe  
  18  24:27  Probe  
  17  24:39  Probe  
  18  24:51  Probe  
  16  25:00  Probe  
  16  25:08  Probe  
  16  25:17  Probe  
  15  25:29  Probe  
  15  25:41  Probe  
  14  25:53  Probe  
  14  26:03  Probe  
  13  26:11  Probe  
  13  26:20  Probe  
  13  26:32  Probe  
  12  26:44  Probe  
  11  26:56  Probe  
  11  27:06  Probe  
  11  27:14  Probe  
  11  27:38  Probe  
  11  27:50  Probe  
  10  28:02  Probe  
  10  28:11  Probe  
  8  28:19  Probe  
  8  28:28  Probe  
  9  28:41  Probe  
  8  28:53  Probe  
  7  29:05  Probe  
  7  29:14  Probe  
  6  29:22  Probe  
  6  29:31  Probe  
  5  29:43  Probe  
  5  29:50  Pylon  
  4  29:55  Probe  
  3  30:07  Probe  
  4  30:17  Probe  
  4  30:25  Probe  
  3  30:34  Probe  
  2  30:46  Probe  
  1  30:58  Probe  
  2  31:10  Probe  
  1  31:20  Probe  
  2  31:28  Probe  
  2  31:36  Probe  
  1  32:10  Probe  
  1  32:21  Probe  
  2  32:29  Probe  
  2  32:37  Probe  
  2  32:48  Probe  
  1  33:00  Probe  
  1  33:12  Probe  
  2  33:24  Probe  
  2  33:32  Probe  
  1  33:40  Probe  
  2  33:51  Probe  
  1  34:03  Probe  
  2  34:15  Probe  
  1  34:27  Probe  
  1  34:35  Probe  
Show
View Real Time Build Order
Export as new Build Order

MattBarry Zerg - Winner!

Build Orders: Pool First 

Get SALT Encoding   

  12  0:00  Drone  
  13  0:13  Overlord  
  13  0:18  Drone  
  14  0:29  Drone, Extractor  
  15  0:40  Spawning Pool  
  14  0:53  Drone x3  
  17  1:11  Extractor  
  17  1:17  Drone  
  17  1:18  Overlord  
  17  1:31  Hatchery  
  16  1:38  Queen  
  18  1:48  Drone  
  18  1:49  Drone  
  18  1:51  Drone  
  21  2:21  Drone x2  
  23  2:28  Spore Crawler  
  22  2:33  Queen  
  24  2:50  Spine Crawler  
  23  2:58  Queen  
  23  3:00  Drone x2  
  23  3:03  Spore Crawler  
  23  3:05  Drone x4  
  30  3:15  Lair  
  30  3:20  Metabolic Boost  
  30  3:25  Extractor  
  29  3:36  Drone  
  29  3:37  Drone  
  29  3:38  Drone  
  29  3:39  Overlord  
  32  4:18  Drone x2  
  32  4:19  Drone  
  35  4:58  Hatchery  
  34  5:03  Drone x2  
  34  5:04  Overlord  
  34  5:06  Overlord  
  36  5:20  Evolution Chamber  
  35  5:23  Evolution Chamber, Drone  
  35  5:24  Drone x2  
  35  5:25  Drone  
  35  5:26  Drone x4  
  35  5:27  Drone  
  43  6:01  Queen  
  45  6:04  Zergling x2  
  45  6:05  Zergling x10  
  51  6:14  Overseer  
  51  6:19  Queen, Drone  
  54  6:29  Zerg Melee Weapons Level 1  
  54  6:42  Infestation Pit  
  52  7:36  Zergling x10  
  52  7:37  Zergling x6, Overlord  
  57  7:58  Zergling x2  
  57  7:59  Zergling x6  
  61  8:35  Zergling x2  
  61  8:36  Zergling x8  
  61  8:40  Zerg Melee Weapons Level 2  
  61  8:41  Zerg Ground Armor Level 1  
  60  9:27  Zergling x2  
  60  9:28  Zergling x10  
  60  9:29  Overlord x5  
  65  9:47  Pneumatized Carapace  
  61  10:36  Overlord  
  61  11:16  Hatchery  
  60  11:22  Spine Crawler  
  60  11:23  Spine Crawler x2  
  57  11:25  Spine Crawler  
  57  11:27  Spine Crawler x2  
  57  11:30  Spine Crawler  
  53  11:57  Hatchery  
  52  12:04  Hatchery  
  51  12:10  Hatchery  
  50  12:31  Hatchery  
  50  12:34  Hatchery  
  48  13:16  Drone x4  
  52  14:12  Evolution Chamber  
  51  14:19  Spore Crawler  
  51  14:20  Spore Crawler  
  51  14:22  Spore Crawler  
  48  14:34  Spore Crawler  
  47  15:07  Queen x4  
  47  15:08  Queen  
  57  15:42  Queen  
  57  15:43  Queen  
  47  17:27  Infestor x12  
  71  18:15  Evolution Chamber  
  70  18:42  Spire  
  69  18:49  Drone x2  
  69  18:50  Drone x5  
  76  19:06  Neural Parasite  
  72  20:25  Pathogen Glands  
  72  20:34  Nydus Network  
  71  22:45  Nydus Canal  
  71  23:30  Nexus  
  71  23:33  Pylon  
  71  23:35  Pylon  
  71  23:36  Pylon  
  71  24:10  Pylon  
  71  24:13  Pylon  
  71  24:14  Pylon  
  71  24:38  Pylon  
  71  24:41  Pylon  
  71  24:47  Pylon  
  71  24:49  Pylon, Probe (Chrono Boost)  
  73  25:01  Probe (Chrono Boost)  
  73  25:11  Probe  
  74  25:23  Probe  
  75  25:35  Probe  
  76  25:45  Pylon  
  76  25:46  Pylon  
  76  25:47  Pylon  
  76  25:48  Pylon, Probe  
  76  25:49  Pylon x2  
  77  25:51  Pylon  
  77  25:52  Pylon  
  77  25:53  Pylon  
  77  25:54  Pylon  
  77  25:55  Pylon  
  77  25:57  Pylon x2  
  77  25:59  Pylon  
  77  26:00  Pylon, Probe  
  77  26:01  Pylon x2  
  77  26:02  Pylon  
  77  26:04  Pylon x2  
  78  26:07  Pylon x2  
  78  26:08  Pylon  
  78  26:10  Pylon  
  78  26:12  Pylon  
  78  26:20  Forge  
  78  26:29  Probe  
  79  26:41  Probe  
  80  27:05  Photon Cannon  
  80  27:06  Photon Cannon x3  
  80  27:07  Photon Cannon  
  80  27:08  Photon Cannon x2  
  80  27:09  Photon Cannon  
  80  27:10  Photon Cannon  
  80  27:13  Photon Cannon  
  80  27:25  Drone  
  80  27:26  Drone x5  
  86  27:54  Burrow  
  86  29:15  Photon Cannon  
  86  29:25  Photon Cannon  
  82  30:11  Assimilator  
  82  30:17  Gateway  
  82  31:56  Overseer x3  
  82  33:06  Zealot  
  84  33:33  Zealot  
  86  34:00  Zealot  
  88  34:27  Zealot  
  90  34:54  Zealot  
Tags
 
Matchup
PvZ
Opening
Pool First
Replay Pack
Multiplayer
Spawn Locations
Cross Positions
Add a new tag
Caveats
  • Supply blocks, unpowered buildings, or Contaminate may cause inaccurate times.
  • Supply counts are checked every 10 seconds.